Map: Tours du crépuscule

Players

pupu - Winner!

  • Race: Protoss Protoss
  • League: Gold

meeeela

  • Race: Terran Terran
  • League: Silver

VOD

Have the link to the VOD?

Description

Time

  • Played on: April 19, 2016, 11:05 a.m.
  • Length: 11:18
Show
View Real Time Build Order
Export as new Build Order

pupu Protoss - Winner!

Build Orders: 1 Gate Expand 

Get SALT Encoding   

  12  0:00  Probe (Chrono Boost)  
  13  0:11  Probe (Chrono Boost)  
  14  0:18  Pylon  
  14  0:22  Probe (Chrono Boost)  
  15  0:36  Probe (Chrono Boost)  
  15  0:37  Gateway  
  16  0:46  Probe (Chrono Boost)  
  16  0:49  Assimilator  
  18  0:57  Probe (Chrono Boost)  
  18  1:19  Nexus  
  18  1:29  Cybernetics Core  
  19  1:32  Probe (Chrono Boost)  
  19  1:42  Assimilator  
  19  1:44  Probe (Chrono Boost)  
  20  1:54  Probe (Chrono Boost)  
  20  1:56  Pylon  
  21  2:05  Probe (Chrono Boost), Pylon  
  22  2:10  Warp Gate (Chrono Boost)  
  22  2:16  Probe  
  22  2:19  Stalker  
  25  2:28  Probe  
  26  2:39  Robotics Facility  
  26  2:41  Probe  
  26  2:42  Probe  
  28  2:53  Probe  
  28  2:57  Probe  
  30  3:05  Probe, Gateway  
  31  3:07  Probe  
  32  3:17  Probe  
  32  3:18  Probe  
  34  3:20  Sentry  
  36  3:30  Forge  
  36  3:31  Gateway  
  36  3:32  Probe  
  36  3:34  Probe  
  38  3:42  Gateway  
  38  3:43  Probe  
  38  3:46  Probe  
  40  3:50  Pylon  
  40  3:56  Observer  
  40  3:59  Probe  
  40  4:00  Probe  
  43  4:04  Protoss Ground Weapons Level 1 (Chrono Boost)  
  43  4:12  Probe  
  43  4:13  Mothership Core  
  46  4:17  Zealot x2  
  50  4:27  Photon Cannon  
  50  4:31  Probe  
  50  4:34  Probe, Photon Cannon  
  50  4:36  Pylon  
  50  4:37  Assimilator  
  52  4:42  Probe, Pylon  
  53  4:46  Probe  
  54  4:52  Pylon  
  54  4:55  Pylon  
  54  5:02  Immortal (Chrono Boost)  
  58  5:08  Zealot x4  
  58  5:13  Gateway  
  66  5:25  Probe  
  66  5:26  Probe  
  68  5:29  Gateway  
  68  5:33  Gateway  
  68  5:43  Stalker x3  
  68  5:44  Stalker  
  76  6:11  Zealot x4  
  80  6:17  Gateway  
  80  6:44  Zealot  
  80  6:45  Zealot x5  
  71  7:24  Immortal (Chrono Boost)  
  75  7:33  Probe  
  75  7:34  Probe  
  77  7:43  Probe  
  77  7:46  Probe  
  77  7:47  Photon Cannon  
  77  7:49  Assimilator  
  79  7:51  Stalker x2  
  79  7:52  Stalker x5  
  79  7:54  Probe  
  94  8:15  Probe  
  94  8:18  Immortal (Chrono Boost)  
  73  8:52  Immortal (Chrono Boost)  
  77  9:06  Stalker x5  
  77  9:07  Stalker x2  
  91  9:36  Stalker  
  93  9:40  Pylon  
  93  9:44  Probe  
  93  9:45  Pylon  
  94  9:47  Pylon  
  94  9:56  Probe  
  94  9:57  Probe  
  94  9:59  Nexus  
  92  10:06  Probe  
  92  10:09  Probe  
  94  10:17  Probe  
  94  10:20  Stargate  
  95  10:21  Probe, Gateway  
  95  10:23  Gateway  
  95  10:24  Stargate  
  95  10:25  Pylon  
  96  10:29  Pylon  
  96  10:31  Probe, Pylon  
  96  10:33  Probe  
  98  10:41  Probe  
Show
View Real Time Build Order
Export as new Build Order

meeeela Terran 

Build Orders:  

Get SALT Encoding   

  12  0:00  SCV  
  13  0:17  Supply Depot, SCV  
  14  0:28  Refinery  
  14  0:29  SCV  
  15  0:41  Barracks  
  15  0:53  SCV  
  16  1:05  SCV  
  17  1:22  Refinery  
  17  1:30  Barracks Reactor  
  17  1:40  Command Center  
  17  1:49  SCV  
  18  2:01  SCV  
  18  2:06  Supply Depot  
  19  2:09  Marine  
  19  2:10  Marine  
  22  2:21  Orbital Command  
  21  2:32  Marine x2  
  23  2:40  Bunker  
  23  2:44  Supply Depot  
  23  2:49  Marine  
  24  3:00  Orbital Command  
  24  3:07  SCV  
  25  3:19  SCV  
  26  3:23  Factory  
  26  3:28  Marine x2  
  28  3:46  SCV x2  
  30  3:53  Marine x2  
  32  3:58  SCV x2  
  34  4:10  Factory Tech Lab, SCV  
  34  4:12  Supply Depot  
  34  4:13  Marine x2  
  34  4:15  SCV  
  38  4:22  SCV  
  38  4:23  Engineering Bay  
  39  4:27  SCV  
  40  4:33  Cyclone, Marine  
  40  4:34  SCV  
  40  4:35  Marine  
  46  4:42  Starport  
  46  4:47  SCV  
  46  4:51  Marine  
  48  4:52  Marine  
  48  4:59  SCV  
  50  5:07  Liberator  
  50  5:15  Missile Turret  
  50  5:18  Missile Turret  
  50  5:22  Starport Reactor, Siege Tank  
  56  5:39  Marine x2  
  58  5:49  Barracks  
  58  5:51  Barracks  
  58  5:54  Siege Tank  
  61  6:01  Marine x2  
  62  6:37  Marine  
  62  6:39  Marine  
  62  6:49  Supply Depot  
  62  6:50  Supply Depot, Barracks Tech Lab  
  62  6:51  Barracks Tech Lab  
  62  6:53  Starport Reactor  
  62  7:01  Siege Tank  
  62  7:03  Command Center  
  51  7:25  Supply Depot  
  51  7:26  Supply Depot  
  51  7:30  Combat Shields  
  51  7:33  Marine x3  
  51  7:35  Medivac  
  56  7:45  Refinery  
  56  7:47  Refinery  
  56  7:50  Supply Depot  
  56  8:02  Medivac  
  58  8:06  SCV  
  58  8:09  Marauder, Marine x2  
  58  8:10  Marauder  
  65  8:13  Supply Depot  
  65  8:18  SCV  
  62  8:22  Liberator  
  51  8:30  SCV  
  51  8:31  Marauder x2  
  49  8:35  Supply Depot  
  48  8:43  SCV  
  45  8:52  Marauder, Marine  
  45  8:55  SCV  
  32  9:10  Marine  
  32  9:13  Marine  
  32  9:15  Supply Depot  
  27  9:17  Supply Depot  
  27  9:22  Supply Depot  
  20  9:40  Barracks  
  20  9:44  SCV  
  21  9:56  SCV  
  22  10:08  SCV  
  20  10:39  Starport Reactor  
  20  10:47  Marine  
Tags
 
Add a new tag
Caveats
  • Supply blocks, unpowered buildings, or Contaminate may cause inaccurate times.
  • Supply counts are checked every 10 seconds.